 Dungeon Crawl Stone Soup version 0.29-a0-322-g68df515428 (webtiles) character file.

Game seed: 5825508091021606437

919 OrbIsHorse the Covered (level 7, -4/60 HPs)
             Began as a Minotaur Fighter on Apr 8, 2022.
             Was a Believer of Uskayaw.
             Slain by an orc warrior
             ... wielding a +0 vorpal battleaxe
              (10 damage)
             ... on level 7 of the Dungeon.
             The game lasted 00:43:31 (4989 turns).

OrbIsHorse the Covered (Minotaur Fighter)           Turns: 4989, Time: 00:43:32

Health: -4/60      AC:  8    Str: 27    XL:     7   Next: 83%
Magic:  5/7        EV: 10    Int:  5    God:    Uskayaw [**....]
Gold:   202        SH:  5    Dex:  9    Spells: 5/8 levels left

rFire   . . .      SeeInvis .   s - +11 mace of a bailey {freeze, Str+4}
rCold   . . .      Faith    .   c - +1 buckler
rNeg    . . .      Spirit   .   b - +1 scale mail
rPois   .          Reflect  .   (helmet restricted)
rElec   .          Harm     .   (no cloak)
rCorr   .          Rampage  .   (no gloves)
Will    .....                   (no boots)
Stlth   ..........              (no amulet)
HPRegen 0.20/turn               (no ring)
MPRegen 0.10/turn               (no ring)

@: very slightly contaminated
A: horns 2, retaliatory headbutt
a: Renounce Religion, Stomp, Line Pass


You were on level 7 of the Dungeon.
You worshipped Uskayaw.
Uskayaw was noncommittal.
You visited 2 branches of the dungeon, and saw 8 of its levels.

You collected 202 gold pieces.

Inventory:

Hand Weapons
 a - a +0 war axe
 d - a +0 dagger
 e - a +2 dagger of holy wrath
 h - a +0 dagger
 i - a +0 club
 j - a +0 club
 k - a +0 dagger of venom
 l - a +0 dagger
 s - the +11 mace of a bailey (weapon) {freeze, Str+4}
   (You found it on level 3 of the Dungeon)

   It freezes those it strikes, dealing additional cold damage.
   It can also slow down cold-blooded creatures.
   Str:       It affects your strength (+4).
 x - a +0 shortbow
 B - a +0 club
Missiles
 f - 21 stones
 n - 3 poisoned darts (quivered)
 z - 2 silver javelins
Armour
 b - a +1 scale mail (worn)
 c - a +1 buckler (worn)
 m - a +0 robe
 o - a +0 robe
 p - a +0 leather armour
 q - a +0 robe
 v - a +0 plate armour
Magical Staves
 y - a staff of poison
Wands
 g - a wand of polymorph (10)
 t - a wand of acid (12)
Scrolls
 r - a scroll of amnesia
 u - 2 scrolls of fog
 w - a scroll of summoning {unknown}
 A - a scroll of magic mapping {unknown}


   Skills:
 + Level 4.9 Fighting
 + Level 0.5 Short Blades
 + Level 3.7(4.4) Axes
 + Level 3.8(4.5) Maces & Flails
 + Level 1.2 Throwing
 + Level 6.6 Armour
 + Level 1.7 Dodging
 + Level 0.8 Stealth
 + Level 5.1 Shields
 + Level 1.2 Spellcasting
 + Level 1.4 Transmutations
 + Level 1.2 Poison Magic


You had 5 spell levels left.
You knew the following spells:

 Your Spells              Type           Power      Damage    Failure   Level
a - Sting                 Tmut/Pois      4%         1d3       58%         1
b - Static Discharge      Conj/Air       0%         N/A       89%         2

Your spell library contained the following spells:

 Spells                   Type           Power      Damage    Failure   Level
 Poisonous Vapours        Pois/Air       0%         N/A       83%         2
 Olgreb's Toxic Radiance  Pois           1%         N/A       100%        4
 Lightning Bolt           Conj/Air       0%         1d11      100%        5
 Maxwell's Capacitive Co  Air            0%         ∞         100%        8


Dungeon Overview and Level Annotations

Branches:
Dungeon (7/15)             Temple (1/1) D:6

Altars:
Ashenzari
Gozag
Kikubaaqudgha
Nemelex Xobeh
Okawaru
Qazlal
Ru
Uskayaw
The Shining One

Annotations:
D:6 1 runed translucent door


Innate Abilities, Weirdness & Mutations

You have a pair of horns on your head.
You reflexively headbutt those who attack you in melee.


Message History

Aiming: Sting (safe; 58% risk of failure)
Press: ? - help, Shift-Dir - straight line, f/p - white imp
Aim: a white imp (64% to hit)
The sting hits the white imp.
The white imp partially resists.
The white imp is poisoned.
The white imp is lightly wounded.
Throw: 4 darts (poison)
Press: ? - help, Q - select action, (/) - cycle Shift-Dir - straight line, f - orc, p - white imp
Aim: an orc, wielding a +0 flail and wearing a +0 leather armour (56% to hit)
You throw a poisoned dart. The poisoned dart hits the orc warrior.
The orc warrior is poisoned.
The orc warrior hits you with a +0 vorpal battleaxe!
The white imp gestures at you. The puff of frost misses you.
You sock the white imp!
You kill the white imp!
The orc warrior hits you with a +0 vorpal battleaxe!
The orc warrior hits you but does no damage.
The orc hits you but does no damage.
You thump the orc warrior! You freeze the orc warrior.
Your headbutt misses the orc warrior.
The orc warrior is moderately wounded.
The orc warrior hits you with a +0 vorpal battleaxe!
* * * LOW HITPOINT WARNING * * *
The orc closely misses you. You furiously retaliate!
You headbutt the orc!
You kill the orc!
You can now pass through a line of other dancers.
You barely miss the orc warrior.
The orc warrior is moderately wounded.
The orc warrior hits you with a +0 vorpal battleaxe!
* * * LOW HITPOINT WARNING * * *
x2 Throw: 3 darts (poison)
Press: ? - help, Q - select action, (/) - cycle Shift-Dir - straight line You can't see that place. [a rock wall.]
Okay, then.
As you read the scroll of fog, it crumbles to dust.
The scroll dissolves into smoke.
The orc warrior hits you with a +0 vorpal battleaxe!
You die...

#.# ###........#
####.#######.......#####
#....)>...##............#
#....)....#........##....
#.........#.#.<..÷.......
####.#...##..............
#.##...§§.............
#.######§§§.........(.
..# #@o§........... ###
#§§§...........
.§.§§...........
#..............5
#.###.....##... #. ##...
#. ..# P. ##


You could see an orc warrior (poisoned).

Vanquished Creatures
  A water moccasin (D:5)
  Duvessa (D:5)
  A black bear (D:5)
  An ogre (D:6)
  A centaur (D:7)
  A necrophage (D:6)
  Dowan (D:5)
  A jelly (D:6)
  3 hounds
  An orc priest (D:7)
  An iguana (D:5)
  7 gnolls
  5 adders
  A white imp (D:7)
  2 worms (D:2)
  A dart slug (D:1)
  3 orcs
  7 ball pythons
  5 bats
  4 endoplasms
  3 giant cockroaches
  6 goblins
  5 hobgoblins
  2 jackals (D:1)
  3 quokkas
  2 frilled lizards
  6 kobolds
  3 rats (D:3)
78 creatures vanquished.

Notes
Turn   | Place    | Note
-------+----------+-------------------------------------------
     0 | D:1      | OrbIsHorse the Minotaur Fighter began the quest for the
                  | Orb.
     0 | D:1      | Reached XP level 1. HP: 19/19 MP: 0/0
    53 | D:1      | Reached XP level 2. HP: 19/27 MP: 1/1
   144 | D:1      | Reached skill level 4 in Armour
   912 | D:2      | Reached XP level 3. HP: 33/33 MP: 2/2
  1798 | D:3      | Reached XP level 4. HP: 31/40 MP: 3/3
  1949 | D:3      | Identified the +11 mace of a bailey {freeze, Str+4}
  2014 | D:3      | Learned a level 1 spell: Sting
  2141 | D:4      | Noticed an ogre
  2364 | D:5      | Entered Level 5 of the Dungeon
  2420 | D:5      | Noticed a water moccasin
  2425 | D:5      | Killed a water moccasin
  2426 | D:5      | Reached skill level 1 in Maces & Flails
  2426 | D:5      | Reached skill level 5 in Armour
  2426 | D:5      | Reached XP level 5. HP: 30/47 MP: 1/4
  2707 | D:5      | Noticed a black bear
  2715 | D:5      | Killed a black bear
  2716 | D:5      | Reached skill level 1 in Dodging
  2716 | D:5      | Reached XP level 6. HP: 23/53 MP: 2/5
  3018 | D:5      | Noticed Duvessa
  3019 | D:5      | Noticed Dowan
  3031 | D:5      | Killed Duvessa
  3032 | D:5      | Reached skill level 6 in Armour
  3040 | D:5      | Killed Dowan
  3302 | D:6      | Found a runed translucent door.
  3317 | D:6      | Reached XP level 7. HP: 60/60 MP: 4/7
  3323 | D:6      | Reached skill level 1 in Spellcasting
  3323 | D:6      | Reached skill level 1 in Transmutations
  3347 | D:6      | Learned a level 2 spell: Static Discharge
  3432 | D:7      | Reached skill level 1 in Poison Magic
  3591 | D:6      | Reached skill level 5 in Shields
  4098 | D:6      | Found a staircase to the Ecumenical Temple.
  4115 | Temple   | Entered the Ecumenical Temple
  4167 | Temple   | Became a worshipper of Uskayaw the Reveller
  4648 | D:6      | Reached * piety under Uskayaw
  4652 | D:6      | Reached skill level 1 in Throwing
  4969 | D:7      | Reached ** piety under Uskayaw
  4989 | D:7      | Slain by an orc warrior

Illustrated notes

Levels and vault maps discovered:
D:1:      zaba_arrival_water, layout_loops_cross,
          shapermc_ecumenical_altar_rom_forum, st_stairs_9,
          grunt_decor_junction, kennysheep_pointless_box, feat_on_display
D:2:      layout_basic, minmay_pentomino_u2
D:3:      layout_rooms, slow_altar_2
D:4:      layout_layer_cave, ebering_ghost_inner_flame
D:5:      layout_basic, kennysheep_diamond, uniq_duvessa
D:6:      layout_rooms, minmay_temple_entry_mini_moons, ebering_ghost_sewer_d
D:7:      layout_rooms, nicolae_ossuary_entry_plus, dreamdust_princess_bridge
Temple:   mainiacjoe_temple_trianglar_array

Skill      XL: |  1  2  3  4  5  6  7 |
---------------+----------------------+-----
Armour         | 4 5 6 |  6.6
Shields        | 4 5 |  5.1
Fighting       | 4 |  4.9
Axes           | 3 |  3.7
Maces & Flails | 1 2 3 |  3.8
Dodging        | 1 |  1.7
Spellcasting   | 1 |  1.2
Transmutations | 1 |  1.4
Poison Magic   | 1 |  1.2
Throwing       | 1 |  1.2
Short Blades   | |  0.5
Stealth        | |  0.8

Action                   |  1- 3 |  4- 6 |  7- 9 || total
-------------------------+-------+-------+-------++-------
Melee: War axe           |    58 |       |       ||    58
       Headbutt          |    18 |     2 |     8 ||    28
       Dagger            |    36 |     8 |       ||    44
       Mace              |       |    31 |    23 ||    54
Throw: Stone             |       |     3 |     5 ||     8
       Javelin           |       |     6 |     3 ||     9
       Dart              |       |       |     5 ||     5
 Cast: Sting             |       |     5 |     4 ||     9
  Use: Scroll            |     3 |     4 |     3 ||    10
       Potion            |     3 |     1 |       ||     4
Armor: Scale mail        |    58 |    23 |    13 ||    94
Dodge: Dodged            |    59 |    38 |    19 ||   116
Block: Buckler           |    45 |    17 |     7 ||    69

Table legend: (Time is in decaauts)
 A = Elapsed time spent in this place.
 B = Non-inter-level travel time spent in this place.
 C = Inter-level travel time spent in this place.
 D = Time resting spent in this place.
 E = Time spent auto-exploring this place.
 F = Levels seen in this place.
 G = Mean time per level.
                   A        B        C        D        E       F      G
               +--------+--------+--------+--------+--------+-----+--------+
         Total |   5019 |   4828 |    191 |   2797 |     42 |   8 |  627.4 |
       Dungeon |   4555 |   4499 |     56 |   2797 |     34 |   7 |  650.7 |
        Temple |    463 |    328 |    135 |      0 |      8 |   1 |  463.0 |
               +--------+--------+--------+--------+--------+-----+--------+

Top non-repeatable levels by time:
     D:6: 1144 daAuts
     D:1: 915 daAuts
     D:5: 915 daAuts
     D:2: 615 daAuts
     D:3: 555 daAuts
  Temple: 463 daAuts
     D:4: 292 daAuts
     D:7: 115 daAuts
